Unix xNetHack Version 8.0.0 - last build Jan 15 2024 03:47:00 (be4d3c81716514284228e1a23197c27ddb32b841). Game began 2024-01-28 00:06:20, ended 2024-01-28 00:17:44. UmberConductor, lawful male human Monk ---- --- |..-- ---.----- |...| ---....|..-- --- --...-- ............| --.---.....| ---- | --------.....-..---------.........-- |..| |...............%...(................| |..---- --- --.....%o@.%.......-.........-- --.....-- ....---------.----.).%.........---..-....----- 0 -... |.....<...---.......................- |.. --......%.--............---.....--- -- |....0..................-----...| -........................- ...- -.--............---........- -... --..........-- |.........| ....- -...^.....-- --.......-- .... -..........| --......| ...- |...........| .......| ... |...........| --......| ...| --.----.--.-- ---.---- --- -- ------ --- UmberConductor the Novice St:15 Dx:13 Co:9 In:8 Wi:17 Ch:13 Lawful S:1146 Dlvl:4 $:44 HP:0(37) Pw:31(31) AC:4 Xp:5/233 T:1140 Burdened Latest messages: You kill the gnome! There are two objects here. You have a little trouble lifting Y - an arrow {1}. You have a little trouble lifting 4 daggers. Continue? y Z - 4 daggers {40}. You rebalance your load. Movement is difficult. What do you want to drop? [$a-df-jl-zA-OQ-Z or ?*] p You drop a crossbow {50}. Your movements are only slowed slightly by your load. You see here a gnome corpse. Really step onto that arrow trap? n In what direction? l You disarm the trap. You remove, but drop, 27 arrows. You have a little trouble lifting 27 arrows. Continue? n You see here 2 arrows. You are beginning to feel hungry. What do you want to eat? [fghiT or ?*] f This food really hits the spot! You no longer feel hungry. You finish eating the food ration. What do you want to read? [cdlC or ?*] i You break up the cookie and throw away the pieces. This cookie has a scrap of paper inside. It reads: If you can figure out how to cultivate dandelions, you can get infinite wishes. You see here 2 arrows. You have a little trouble lifting Y - 2 arrows {2} (3 in total). You see here 27 arrows. You have a little trouble lifting Y - 27 arrows {27} (30 in total). You see here a green gem. You have a little trouble lifting i - a green gem {1}. You see here a crossbow. You see here a crossbow. You have a little trouble lifting a crossbow. Continue? n You see here a gnome corpse. The hill orc punches you! The hill orc wields a curved sword! You strike the hill orc. The hill orc punches you! You kill the hill orc! The hill orc swings his curved sword. The hill orc gashes you! You jab the hill orc! The hill orc swings his curved sword. The hill orc slashes you! The hill orc swings his curved sword. The hill orc slashes you! You die... Do you want your possessions identified? q Inventory: Inventory: 959/650 weight (48/52 slots) Coins ('$') $ - 44 gold pieces {1} Weapons (')') s - 2 uncursed +0 orcish daggers {20} t - 48 uncursed +0 darts {48} u - a cursed +0 boomerang {5} z - 3 uncursed +0 crossbow bolts {3} A - an uncursed +0 crossbow {50} B - 3 blessed +1 daggers {30} G - 52 uncursed +0 arrows {52} H - an uncursed +0 bow {30} I - an uncursed +0 dwarvish short sword {30} J - a blessed +1 mithril axe {37} N - an uncursed corroded +0 aklys {15} S - an uncursed +0 bow {30} U - an uncursed +0 plastic bow {20} V - a cursed -2 knife {5} X - 5 cursed -1 copper darts {5} Y - 30 cursed +0 arrows {30} Z - 4 uncursed +0 daggers {40} Armor ('[') a - an uncursed +2 pair of leather gloves (being worn) {8} b - an uncursed +1 robe (being worn) {12} K - an uncursed +0 dwarvish helm {40} L - an uncursed +0 dwarvish roundshield {100} M - an uncursed +0 dwarvish cloak {10} O - an uncursed +0 pair of cloth jumping boots {13} R - an uncursed +0 pair of water walking boots {15} Comestibles ('%') f - 3 uncursed food rations {60} g - 5 uncursed apples {10} h - 5 uncursed oranges {10} T - an uncursed honey bun {5} Scrolls ('?') d - an uncursed scroll of identify {5} C - an uncursed scroll of light {5} Spellbooks ('+') c - a blessed spellbook of confuse monster {40} l - an uncursed spellbook of cause fear {45} Potions ('!') j - a blessed potion of gain ability {20} q - an uncursed potion of blindness {20} r - an uncursed potion of fruit juice {20} v - an uncursed potion of booze {20} y - an uncursed potion of water {20} Rings ('=') m - an uncursed +3 ring of gain strength {3} D - an uncursed ring of fire resistance {3} W - an uncursed ring of fire resistance {3} Wands ('/') E - an uncursed wand of sleep (0:2) {7} F - an uncursed wand of slow monster (0:6) {7} Tools ('(') w - a cursed pea whistle {3} Gems/Stones ('*') i - an uncursed worthless piece of green glass {1} n - an uncursed worthless piece of yellowish brown glass {1} o - an uncursed worthless piece of red glass {1} x - an uncursed worthless piece of blue glass {1} Q - an uncursed worthless piece of violet glass {1} UmberConductor the Monk's attributes: Background: You were a Novice, a level 5 male human Monk. You were lawful, nominally on a mission for Shan Lai Ching who was opposed by Chih Sung-tzu (neutral) and Huan Ti (chaotic). You were bisexual. You were in the Gnomish Mines, on level 4. You entered the dungeon 1140 turns ago. It was the midnight hour. You had 233 experience points, 87 more were needed to attain level 6. Your score was 1146 before end-of-game adjustments. Basics: You had 0 out of 37 hit points. You had all 31 energy points (spell power). Your armor class was 4. Your wallet contained 44 zorkmids. Autopickup was on for '$"?+!=/' plus thrown, with exceptions. Final Characteristics: Your strength was 15 (limit:18/100). Your dexterity was 13 (limit:18). Your constitution was 9 (limit:18). Your intelligence was 8 (limit:18). Your wisdom was 17 (limit:18). Your charisma was 13 (limit:18). Final Status: You were not hungry. You were burdened; movement was slightly slowed. You were empty handed. You had basic skill with martial arts. Final Attributes: You were devoutly aligned. You were sleep resistant. You were poison resistant. You saw invisible. You were stealthy. You were guarded. You were fast. You are dead. Miscellaneous: You never encountered a bones level. Total elapsed playing time was 11 minutes and 24 seconds. Major events: Turn 1: UmberConductor the lawful male human Monk entered the dungeon 657: attained the rank of Novice (level 3) 775: entered the Gnomish Mines 1140: killed by a hill orc Vanquished creatures: a gnome leader a little dog a dwarf a hill orc a giant bat an acid blob 2 yellow molds 20 gnomes 2 jackals 2 foxes 2 goblins 4 sewer rats 2 grid bugs 5 lichens 3 kobold zombies 2 newts 50 creatures vanquished. No species were genocided or became extinct. Voluntary challenges: You followed a strict vegan diet. You were an atheist. You read items or engraved 7 times. You never genocided any monsters. You never polymorphed an object. You never changed form. You never touched an artifact. You used no wishes. You never scared an enemy with impunity. You were celibate. You never generated conflict. Achievements: You attained the rank of Novice. You entered the Gnomish Mines. Dungeon overview: The Dungeons of Doom: levels 1 to 2 Level 1: A fountain. Level 2: Stairs down to The Gnomish Mines. The Gnomish Mines: levels 3 to 4 Level 3: Level 4: <- You were here. Final resting place for you, killed by a hill orc. Game over: __________ / \ / REST \ / IN \ / PEACE \ / \ | UmberConductor | | 44 Au | | killed by a hill | | orc | | | | | | 2024 | *| * * * | * _________)/\\_//(\/(/\)/\//\/|_)_______ Punardarsanaya UmberConductor the Monk... You died in The Gnomish Mines on dungeon level 4 with 1142 points, and 44 pieces of gold, after 1140 moves. You were level 5 with a maximum of 37 hit points when you died.